 Dungeon Crawl Stone Soup version 0.28.0 (webtiles) character file.

Game seed: 4756892116605925259

69 horus123 the Ducker (level 4, 0/28 HPs)
             Began as a Deep Elf Gladiator on Feb 7, 2022.
             Killed from afar by Sigmund (6 damage)
             ... with a magic dart
             ... on level 2 of the Dungeon.
             The game lasted 00:02:44 (1812 turns).

horus123 the Ducker (Deep Elf Gladiator)            Turns: 1812, Time: 00:02:44

Health: 0/28       AC:  0    Str: 11    XL:     4   Next: 2%
Magic:  6/6        EV: 22    Int: 13    God:
Gold:   56         SH:  0    Dex: 23    Spells: 3/3 levels left

rFire   . . .      SeeInvis .   (weapon currently unavailable)
rCold   . . .      Faith    .   (shield currently unavailable)
rNeg    . . .      Spirit   .   (armour currently unavailable)
rPois   .          Reflect  .   (helmet currently unavailable)
rElec   .          Harm     .   (cloak currently unavailable)
rCorr   .          Rampage  .   (gloves currently unavailable)
Will    .....                   (boots currently unavailable)
Stlth   ++........              (no amulet)
HPRegen 0.09/turn               (ring currently unavailable)
MPRegen 0.10/turn               (ring currently unavailable)

@: mighty, bat-form, flying, very quick
A: fast, flying, no casting, tiny
a: no special abilities


You were on level 2 of the Dungeon.
You were a bat.
You visited 1 branch of the dungeon, and saw 2 of its levels.

You collected 56 gold pieces.

Inventory:

Hand Weapons
 a - a +0 rapier (melded)
Missiles
 d - 3 throwing nets (quivered)
Armour
 b - a +0 leather armour (melded)
 c - a +0 helmet (melded)
Potions
 i - a potion of resistance {unknown}


   Skills:
 - Level 3.3 Fighting
 + Level 3.0 Short Blades
 - Level 2.0 Throwing
 - Level 4.0 Dodging


You had 3 spell levels left.
You didn't know any spells.
Your spell library was empty.

Dungeon Overview and Level Annotations

Branches:
Dungeon (2/15)

Altars:

Annotations:
D:2 Sigmund


Message History

Your bat hits Sigmund but does no damage. x2
Your bat closely misses Sigmund.
Sigmund gestures at you while chanting. The magic dart hits you.
Are you sure you want to stumble around while confused and next to your bat?
You bump into the rock wall.
Your bat hits Sigmund but does no damage.
Your bat misses Sigmund.
Sigmund points at you and mumbles some strange words.
The puff of flame hits your bat.
Your bat dies!
Your bat's corpse dissolves into shadows!
You bump into the rock wall.
You feel less confused. Sigmund closely misses you.
It was a potion of flight.
You feel more buoyant.
It was a potion of might.
You feel very mighty all of a sudden.
It was a potion of curing.
You feel better. Sigmund looks at you with fury. Sigmund closely misses you.
You bite Sigmund!
Sigmund is moderately wounded.
Sigmund hits you with a +0 scythe!
* * * LOW HITPOINT WARNING * * *
You hit Sigmund.
Sigmund is heavily wounded.
Sigmund points at you and mumbles some strange words.
You resist with some effort.
You hit Sigmund.
Sigmund is heavily wounded.
Sigmund closely misses you.
You barely miss Sigmund.
Sigmund is heavily wounded.
You hit Sigmund.
Sigmund is severely wounded.
Sigmund casts a spell at you. The magic dart hits you.
You die...

#.................#
#.##.#.#
#...##########...##
#.##.#.# # #.#.# ##.##
#.##.#.# # #.#.# #.#
#.##.#.#### #.#.# #.#
#.##....##. #.#.# #.#
#.##..#.... #.#.# #.#
#.###...### #.#.# #.#
#.# ##..... #.#.# #b####
#.# ####### #.#.#######
#@##.###.# #......
#.........# #...#.##.#
#.##### ##.######.#
##.###...# #.##### #.#
#.# ##.#.#### #.#...#
#.# #.# #..## #.#.#..
#.# #.#
##..#######.#.... #(#
#.######..............#.
#.#
#..........#######......


You could see Sigmund.

Vanquished Creatures
  Jessica (D:2)
  An adder (D:2)
  2 ball pythons (D:1)
  An endoplasm (D:2)
  3 giant cockroaches
  6 hobgoblins
  3 kobolds
  3 quokkas (D:1)
  8 bats
  3 frilled lizards
  2 rats (D:2)
33 creatures vanquished.

Notes
Turn   | Place    | Note
-------+----------+-------------------------------------------
     0 | D:1      | horus123 the Deep Elf Gladiator began the quest for the
                  | Orb.
     0 | D:1      | Reached XP level 1. HP: 12/12 MP: 3/3
    59 | D:1      | Found a faded altar of an unknown god.
    74 | D:1      | Reached skill level 4 in Dodging
   182 | D:1      | Reached XP level 2. HP: 17/17 MP: 4/4
   780 | D:2      | Reached XP level 3. HP: 14/22 MP: 5/5
  1486 | D:2      | Noticed Jessica
  1491 | D:2      | Killed Jessica
  1492 | D:2      | Reached XP level 4. HP: 12/28 MP: 6/6
  1767 | D:2      | Noticed Sigmund
  1812 | D:2      | Killed from afar by Sigmund

Illustrated notes

Levels and vault maps discovered:
D:1:      dpeg_arrival_rooms_with_view, layout_rooms,
          ebering_ecumenical_altar_box
D:2:      layout_loops_ring, serial_park_tiny_pond, uniq_jessica, uniq_sigmund

Skill      XL: |  1  2  3 |
---------------+----------+-----
Dodging        | 4 |  4.0
Fighting       | 2 3 |  3.3
Short Blades   | |  3.0
Throwing       | |  2.0

Action                   |  1- 3 |  4- 6 || total
-------------------------+-------+-------++-------
Melee: Rapier            |   109 |     1 ||   110
       Punch             |     1 |       ||     1
       Unarmed           |       |     5 ||     5
  Use: Scroll            |     3 |     1 ||     4
       Potion            |       |     3 ||     3
Armor: Leather armour    |    41 |       ||    41
Dodge: Dodged            |    94 |     4 ||    98
